 Dungeon Crawl Stone Soup version 0.31-a0-188-g5e087ee2ca (webtiles) character file.

Game seed: 6698022478903892798

592 qw the Skirmisher (level 7, 0/40 HPs)
             Began as a Deep Elf Hunter on June 22, 2023.
             Succumbed to a killer bee's poison
             ... on level 5 of the Dungeon.
             The game lasted 00:01:15 (3536 turns).

qw the Skirmisher (Deep Elf Hunter)                 Turns: 3536, Time: 00:01:15

Health: 0/40       AC:  9    Str: 10      XL:     7   Next: 16%
Magic:  9/9        EV: 16    Int: 13 (14) God:
Gold:   148        SH:  0    Dex: 16 (18) Spells: 6/6 levels left

rFire   . . .        Y - +0 shortbow
rCold   . . .        (shield currently unavailable)
rNeg    . . .        g - +1 ring mail
rPois   .            d - +2 helmet
rElec   .            (no cloak)
rCorr   .            (no gloves)
SInv    .            (no boots)
Will    .....        (no amulet)
Stlth   +            l - +5 ring of evasion
HPRegen 0.26/turn    (no ring)
MPRegen 0.11/turn

%: no passive effects
@: lethally poisoned (0 -> -2), about to teleport
A: no striking features
a: no special abilities


You were on level 5 of the Dungeon.
You visited 1 branch of the dungeon, and saw 5 of its levels.

You collected 148 gold pieces.


   Skills:
 - Level 2.0 Fighting
 + Level 10.7 Ranged Weapons
 - Level 1.2 Armour
 - Level 3.1 Dodging
 - Level 1.2 Stealth


You had 6 spell levels left.
You didn't know any spells.
Your spell library was empty.

Inventory:

Hand Weapons
 Y - a +0 shortbow (weapon)
Armour
 d - a +2 helmet (worn)
 e - a +2 robe of fire resistance
 g - a +1 ring mail (worn)
Jewellery
 l - a +5 ring of evasion (left hand)
Scrolls
 a - 3 scrolls of teleportation
 j - 2 scrolls of identify
Potions
 b - a potion of haste {unknown}
 c - a potion of curing
 f - a potion of magic {unknown}
 h - a potion of invisibility {unknown}
 i - a potion of heal wounds {unknown}

Dungeon Overview and Level Annotations

Branches:
Dungeon (5/15)
 Temple: D:4-7

Altars:
Ashenzari
Cheibriados
Zin
The Shining One


Message History

The killer bee misses you. x2
You shoot an arrow. The arrow misses the killer bee.
The arrow barely misses the killer bee.
The killer bee stings you! The killer bee closely misses you.
You shoot an arrow.
The arrow closely misses the killer bee.
The arrow hits the killer bee.
The killer bee is lightly wounded.
The killer bee misses you. The killer bee stings you.
You shoot an arrow.
The arrow hits the killer bee but does no damage.
The killer bee closely misses you.
The killer bee stings you but does no damage.
You shoot an arrow. The arrow hits the killer bee.
The killer bee is lightly wounded.
The killer bee barely misses you. The killer bee stings you.
You shoot an arrow. The arrow hits the killer bee!
The killer bee is heavily wounded.
The killer bee stings you.
You are poisoned.
The killer bee poisons you! The killer bee misses you.
You shoot an arrow.
The arrow hits the killer bee but does no damage.
The killer bee is heavily wounded.
You feel sick. The killer bee stings you.
The killer bee stings you but does no damage.
You shoot an arrow. The arrow misses the killer bee.
The arrow hits the killer bee but does no damage.
The killer bee is lightly wounded.
You feel sick. The killer bee stings you. x2
3534 ||| READING 4 scrolls of teleportation.
As you read the scroll of teleportation, it crumbles to dust.
You feel strangely unstable.
You feel sick. The killer bee barely misses you. The killer bee misses you.
You shoot an arrow. The arrow hits the killer bee.
The killer bee is severely wounded.
You feel sick. The killer bee closely misses you. The killer bee stings you!
You shoot an arrow.
The arrow closely misses the killer bee. x2
You die...

..##....#.#####......
......#.#.#####......
.......>......+......
.######.#.#####.....:
######.#.# #######
#......#.# ######
#.######.# .....)
#.######.## ......
#..@yy..... ......
#####...... ...###
..... . # .... ....##
... #.~ .. #~~ .
#~~~~ #.~~#~ #~%~~~


You could see 2 killer bees.

Vanquished Creatures
  Sigmund (D:3)
  2 jellies
  A killer bee (D:5)
  A sleepcap (D:5)
  Jessica (D:3)
  Terence (D:3)
  2 orc wizards (D:4)
  7 adders
  3 white imps (D:5)
  A worm (D:4)
  8 dart slugs
  4 orcs
  5 ball pythons
  4 endoplasms
  6 goblins
  3 hobgoblins
  5 kobolds
  A quokka (D:3)
  6 bats
  2 frilled lizards (D:2)
  8 rats
72 creatures vanquished.

Notes
Turn   | Place    | Note
-------+----------+-------------------------------------------
     0 | D:1      | qw the Deep Elf Hunter began the quest for the Orb.
     0 | D:1      | Reached XP level 1. HP: 12/12 MP: 3/3
     0 | D:1      | 0 ||| qw: Version: 0.3-a-9-g12657ce
     0 | D:1      | 0 ||| qw: Game counter: 2761
     0 | D:1      | 0 ||| qw: Always use a shield: true
     0 | D:1      | 0 ||| qw: God list: Okawaru
     0 | D:1      | 0 ||| qw: Allow faded altars: false
     0 | D:1      | 0 ||| qw: Do Orc after D:15 true
     0 | D:1      | 0 ||| qw: Do second Lair branch before Depths: true
     0 | D:1      | 0 ||| qw: Lair rune preference: random
     0 | D:1      | 0 ||| qw: Plans: Normal
     0 | D:1      | 0 ||| PLANNING D:1-11
   422 | D:1      | Reached XP level 2. HP: 16/16 MP: 4/4
   475 | D:1      | Reached skill level 6 in Ranged Weapons
   595 | D:1      | 595 ||| UPGRADING to +2 helmet.
   600 | D:1      | 600 ||| UPGRADING to +0 ring mail.
   610 | D:1      | 610 ||| DROPPING +0 leather armour.
   611 | D:1      | 611 ||| READING 3 scrolls labelled LOYT ZOILATUGH.
   614 | D:1      | 614 ||| READING scroll labelled NOPOIKAQYE.
   615 | D:1      | 615 ||| READING scroll labelled TAOBRORYKE.
   616 | D:1      | 616 ||| DROPPING scroll of butterflies.
  1242 | D:2      | Reached XP level 3. HP: 18/20 MP: 5/5
  1412 | D:2      | 1412 ||| DROPPING +1 robe of the Archmagi.
  1413 | D:2      | 1413 ||| UPGRADING to +5 ring of evasion.
  1414 | D:2      | 1414 ||| READING scroll labelled XUCALAE FYIMP.
  1415 | D:2      | 1415 ||| READING scroll labelled PAOSIRALAX.
  1416 | D:2      | 1416 ||| READING scroll labelled LAOKKOIKKA.
  1597 | D:3      | Noticed Sigmund
  1611 | D:3      | Killed Sigmund
  1612 | D:3      | Reached skill level 9 in Ranged Weapons
  1612 | D:3      | Reached XP level 4. HP: 14/25 MP: 6/6
  1612 | D:3      | Reached XP level 5. HP: 16/29 MP: 7/7
  1860 | D:3      | Found a faded altar of an unknown god.
  1865 | D:3      | Noticed Jessica
  1869 | D:3      | Killed Jessica
  1870 | D:3      | Reached XP level 6. HP: 27/35 MP: 8/8
  2125 | D:3      | Noticed Terence
  2143 | D:3      | Killed Terence
  2339 | D:3      | 2339 ||| READING 2 scrolls labelled PEUBLE SEPRAE.
  2340 | D:3      | 2340 ||| READING scroll of enchant armour.
  2340 | D:3      | 2340 ||| ENCHANTING +0 ring mail.
  2341 | D:3      | 2341 ||| READING scroll labelled FOURUHEIJE.
  2342 | D:3      | 2342 ||| DRINKING 2 glowing purple potions.
  2343 | D:3      | 2343 ||| DROPPING potion of degeneration.
  2345 | D:3      | 2345 ||| Stepping ~*~*~tactically~*~*~ (cloud).
  2469 | D:4      | Found a glowing golden altar of the Shining One.
  2611 | D:4      | Reached skill level 10 in Ranged Weapons
  2785 | D:4      | Found a broken altar of Ashenzari.
  2819 | D:4      | Found a snail-covered altar of Cheibriados.
  2867 | D:4      | 2867 ||| Stepping ~*~*~tactically~*~*~ (outnumbered).
  2877 | D:4      | Reached skill level 1 in Armour
  3064 | D:4      | Found a glowing silver altar of Zin.
  3064 | D:4      | Noticed an angel
  3232 | D:4      | 3232 ||| READING scroll labelled KOFOGI DEJIJO.
  3249 | D:5      | Entered Level 5 of the Dungeon
  3401 | D:5      | Reached skill level 3 in Dodging
  3401 | D:5      | Reached XP level 7. HP: 40/40 MP: 9/9
  3404 | D:5      | 3404 ||| Stepping ~*~*~tactically~*~*~ (outnumbered).
  3406 | D:5      | 3406 ||| Stepping ~*~*~tactically~*~*~ (outnumbered).
  3408 | D:5      | 3408 ||| Stepping ~*~*~tactically~*~*~ (outnumbered).
  3533 | D:5      | HP: 9/40 [killer bee (3)]
  3534 | D:5      | 3534 ||| READING 4 scrolls of teleportation.
  3535 | D:5      | HP: 1/40 [killer bee (7)]
  3536 | D:5      | Succumbed to a killer bee's poison

Levels and vault maps discovered:
D:1:      reono_arrival_mine, layout_basic, minmay_misc_feat_square
D:2:      layout_loops_corners, chequers_serial_rivers_micro_b,
          minmay_diced_spiral
D:3:      layout_loops_ring, basic_ecumenical_altar, uniq_jessica, uniq_terence,
          uniq_sigmund
D:4:      minmay_door_path, layout_basic, zin_angel, chei_slow_surprise,
          old_standard_altar, kennysheep_little_box, serial_forest,
          infiniplex_forest_zigzag_1, infiniplex_forest_diagonal,
          infiniplex_forest_lined_room_2, infiniplex_forest_clump_long
D:5:      kennysheep_slugbush, layout_basic, makhleb_heckhound_becter,
          grunt_dithmenos_shadows, nicolae_kikubaaqudgha_miasma_corner,
          st_stairs_13

Skill      XL: |  1  2  3  4  5  6 |
---------------+-------------------+-----
Ranged Weapons | 6 9 10 | 10.7
Fighting       | 2 |  2.0
Armour         | 1 |  1.2
Dodging        | 3 |  3.1
Stealth        | |  1.2

Action                     |  1- 3 |  4- 6 |  7- 9 || total
---------------------------+-------+-------+-------++-------
   Fire: Shortbow          |    83 |   149 |    29 ||   261
    Use: Scroll            |     6 |     4 |     1 ||    11
         Potion            |       |     1 |       ||     1
 Armour: Ring mail         |    13 |    13 |     3 ||    29
  Dodge: Dodged            |    29 |    39 |    16 ||    84

Table legend:
 A = Non-vault XP
 B = Vault XP
 C = Vault XP percentage of total XP
 D = Non-vault monster count
 E = Vault monster count
 F = Vault count percentage of total count
                 A         B        C        D         E       F
            +---------+---------+-------+---------+---------+-------
      Total |     429 |     418 |  49.4 |      56 |      16 |  22.2
            +---------+---------+-------+---------+---------+-------
        D:1 |      14 |       0 |   0.0 |       9 |       0 |   0.0
        D:2 |      26 |      16 |  38.1 |      11 |       3 |  21.4
        D:3 |      84 |     316 |  79.0 |      20 |       3 |  13.0
        D:4 |     163 |       7 |   4.1 |      10 |       2 |  16.7
        D:5 |     142 |      79 |  35.7 |       6 |       8 |  57.1
            +---------+---------+-------+---------+---------+-------
